Map: Simulacrum LE

Players

Faith - Winner!

  • Race: Zerg Zerg
  • League: Master
  • Spawn Location: 11:00

A.I. 1 (Elite)

  • Race: Terran Terran
  • Spawn Location: 5:00

VOD

Have the link to the VOD?

Description

Time

  • Played on: Nov. 18, 2019, 9:08 a.m.
  • Length: 12:34
Show
View Real Time Build Order
Export as new Build Order

Faith Zerg - Winner!

Build Orders: Hatch First 

Get SALT Encoding   

  12  0:01  Drone  
  13  0:12  Overlord  
  13  0:18  Drone  
  14  0:31  Drone x2  
  16  0:37  Drone  
  17  0:57  Hatchery  
  17  1:00  Drone  
  17  1:08  Drone  
  18  1:13  Spawning Pool  
  18  1:18  Drone  
  18  1:24  Extractor  
  17  1:28  Drone  
  18  1:45  Drone  
  19  1:50  Drone  
  20  2:00  Drone  
  21  2:09  Queen  
  21  2:10  Overlord  
  23  2:28  Drone x3, Queen  
  28  2:32  Overlord  
  28  2:35  Metabolic Boost  
  28  2:50  Queen  
  30  2:52  Zergling x2  
  30  2:54  Overlord, Drone x2  
  30  2:56  Drone  
  34  3:04  Drone  
  35  3:09  Drone  
  36  3:15  Baneling Nest, Drone  
  36  3:18  Drone  
  37  3:21  Drone x2  
  37  3:22  Drone  
  37  3:25  Overlord  
  40  3:31  Drone  
  41  3:37  Drone  
  41  3:41  Drone  
  43  3:43  Spore Crawler  
  43  3:45  Spore Crawler  
  41  3:50  Drone  
  41  3:52  Drone  
  41  3:54  Drone x3  
  46  4:02  Drone x3  
  49  4:03  Extractor  
  49  4:04  Lair  
  49  4:05  Extractor  
  49  4:09  Hatchery  
  47  4:10  Drone x2  
  48  4:23  Drone  
  48  4:24  Drone  
  50  4:31  Overlord x4  
  50  4:51  Drone x5  
  55  4:59  Drone x2  
  57  5:02  Evolution Chamber  
  56  5:08  Drone  
  56  5:09  Extractor  
  56  5:12  Drone  
  56  5:13  Drone x2  
  59  5:18  Centrifical Hooks  
  59  5:21  Drone x3  
  62  5:30  Zerg Melee Weapons Level 1  
  62  5:32  Drone  
  63  5:38  Drone x3  
  63  5:39  Drone x3  
  69  5:43  Extractor  
  69  5:44  Drone x2  
  69  5:45  Extractor  
  69  5:55  Zergling x4  
  69  5:56  Zergling x8  
  75  5:57  Hatchery  
  74  6:09  Drone  
  74  6:10  Drone x2  
  76  6:15  Drone x3  
  76  6:16  Drone  
  80  6:18  Drone  
  80  6:24  Overlord x3  
  81  6:27  Zergling x6  
  84  6:33  Overlord x2  
  84  6:34  Drone x2  
  86  6:43  Hatchery, Drone, Infestation Pit  
  86  6:44  Evolution Chamber, Drone x2  
  86  6:49  Overseer  
  86  6:51  Baneling x7  
  86  6:52  Baneling x11  
  86  6:54  Overlord x2  
  86  6:55  Drone x7  
  93  7:03  Zergling x2  
  94  7:17  Drone  
  94  7:18  Drone x4  
  94  7:20  Zerg Ground Armor Level 1  
  94  7:21  Hive  
  99  7:26  Queen  
  99  7:29  Overlord  
  101  7:30  Overlord  
  101  7:31  Zergling x12  
  101  7:34  Extractor  
  101  7:35  Extractor  
  106  7:37  Drone x2  
  107  7:45  Zerg Melee Weapons Level 2  
  107  7:51  Zergling x20  
  114  7:57  Hatchery  
  116  7:59  Drone x5  
  121  8:17  Zergling x20  
  131  8:30  Zergling x22  
  142  8:36  Drone  
  142  8:42  Adrenal Glands  
  142  8:43  Ultralisk Cavern  
  142  8:44  Zergling x8  
  145  8:56  Overlord  
  145  8:57  Overlord x3  
  145  8:58  Zergling x18  
  154  9:11  Queen  
  154  9:12  Zergling x8  
  154  9:13  Zergling x14  
  154  9:16  Queen  
  169  9:18  Zerg Ground Armor Level 2  
  169  9:25  Hatchery, Drone  
  169  9:26  Zergling x20  
  169  9:29  Queen  
  175  9:39  Zergling x10  
  175  9:40  Zergling x14  
  135  9:50  Zergling x18  
  135  9:51  Spire  
  137  9:52  Baneling, Hydralisk Den  
  137  9:53  Baneling x17  
  137  9:54  Baneling x12  
  137  9:57  Zergling x12  
  141  10:24  Zergling x22  
  141  10:25  Zergling x22  
  163  10:31  Chitinous Plating  
  163  10:40  Extractor  
  163  10:41  Extractor  
  163  10:42  Ultralisk x4  
  185  10:44  Zergling x10  
  190  10:57  Pneumatized Carapace, Burrow  
  170  11:00  Zergling x26  
  170  11:01  Zergling x2  
  161  11:06  Zergling x12  
  158  11:27  Zergling x34  
  158  11:28  Zergling x12  
  158  11:30  Zergling x4  
  181  11:42  Baneling  
  181  11:43  Baneling x18  
  177  11:48  Zergling x20  
  189  12:01  Zergling x26  
Show
View Real Time Build Order
Export as new Build Order

A.I. 1 (Elite) Terran 

Build Orders: 2 Factory, Mech 

Get SALT Encoding   

  12  0:00  SCV  
  13  0:13  SCV  
  14  0:18  Supply Depot  
  14  0:25  SCV  
  15  0:40  SCV  
  15  0:42  Barracks  
  16  0:52  SCV  
  17  1:04  SCV  
  18  1:16  SCV  
  18  1:17  Supply Depot  
  19  1:22  Refinery  
  19  1:28  SCV  
  19  1:29  Marine  
  21  1:41  SCV  
  21  1:47  Marine  
  22  1:50  Refinery  
  22  1:53  SCV  
  24  2:04  Marine  
  24  2:05  SCV  
  26  2:17  SCV  
  26  2:21  Factory  
  26  2:22  Marine  
  28  2:29  SCV  
  29  2:40  Marine  
  29  2:41  Factory, SCV  
  29  2:43  Supply Depot  
  31  2:54  Orbital Command  
  31  3:04  Marine  
  32  3:05  Factory Tech Lab  
  32  3:19  SCV  
  33  3:22  Marine  
  33  3:24  Command Center  
  33  3:25  Factory Tech Lab  
  34  3:32  SCV  
  35  3:44  SCV  
  36  3:56  SCV  
  36  4:01  Barracks  
  37  4:08  SCV  
  38  4:10  Supply Depot  
  38  4:20  SCV  
  39  4:27  Marine  
  39  4:32  SCV, Siege Tank x2  
  39  4:36  SCV, Supply Depot  
  47  4:44  SCV  
  47  4:45  Marine  
  49  4:47  Supply Depot  
  49  4:48  SCV  
  50  4:53  Marine  
  50  4:56  SCV  
  51  5:00  SCV  
  51  5:04  Siege Tank x2  
  58  5:08  SCV  
  58  5:12  SCV  
  60  5:17  Barracks Tech Lab  
  60  5:18  Factory  
  60  5:21  SCV  
  61  5:25  Command Center  
  61  5:36  Siege Tank  
  61  5:37  Hellion  
  61  5:42  Armory  
  66  5:58  Hellion  
  66  6:01  Supply Depot  
  66  6:02  Hellion  
  70  6:09  Hellion  
  72  6:20  Hellion  
  72  6:23  Armory  
  72  6:24  Hellion  
  76  6:31  Terran Vehicle And Ship Armor Level 1  
  76  6:37  SCV x2  
  76  6:38  SCV  
  79  6:45  Refinery  
  79  6:48  Refinery  
  79  6:52  Siege Tank  
  82  7:01  Command Center  
  82  7:08  SCV x3  
  84  7:10  Terran Vehicle Weapons Level 1  
  84  7:15  Infernal Pre-Igniter  
  85  7:20  SCV  
  86  7:24  Orbital Command  
  86  7:30  Engineering Bay  
  86  7:39  Thor  
  86  7:43  Supply Depot  
  92  7:59  Missile Turret x2  
  92  8:02  Thor  
  98  8:07  Factory Tech Lab, Supply Depot  
  98  8:13  SCV  
  98  8:14  SCV x2  
  98  8:16  Refinery, Orbital Command  
  101  8:22  Missile Turret  
  101  8:23  Missile Turret  
  101  8:26  SCV  
  101  8:27  SCV x2  
  103  8:33  Siege Tank  
  107  8:36  Marine  
  107  8:38  SCV  
  107  8:39  SCV  
  107  8:40  SCV  
  110  8:42  SCV  
  111  8:50  SCV  
  111  8:51  SCV  
  111  8:52  SCV  
  111  8:54  SCV  
  111  8:55  Marauder  
  117  8:59  Supply Depot  
  117  9:02  SCV  
  118  9:03  SCV  
  118  9:05  SCV  
  118  9:06  SCV  
  121  9:14  SCV, Hellion  
  121  9:15  SCV  
  121  9:16  Marauder  
  127  9:17  SCV  
  127  9:21  Hellion  
  130  9:26  Supply Depot  
  130  9:27  Hellion  
  132  9:32  Marine  
  132  9:35  Hellion  
  132  9:37  Marauder  
  130  9:43  Hellion  
  104  9:48  Hellion  
  104  9:50  Marine  
  89  9:57  Hellion  
  89  9:58  Marine, Terran Vehicle Weapons Level 2  
  92  10:03  Missile Turret  
  92  10:04  Thor  
  92  10:07  Starport  
  98  10:08  Marine  
  98  10:09  Siege Tank  
  102  10:16  Marine  
  102  10:18  Siege Tank  
  102  10:20  Refinery  
  105  10:24  Missile Turret  
  105  10:26  Marine  
  106  10:34  Marauder  
  108  10:40  Barracks  
  108  10:41  SCV  
  108  10:42  Siege Tank  
  112  10:43  Engineering Bay, Medivac  
  112  10:44  Marine  
  112  10:47  Widow Mine, Command Center  
  117  10:50  Thor  
  117  10:53  Supply Depot  
  117  10:56  Marauder  
  123  11:02  Barracks Reactor  
  95  11:08  Siege Tank  
  92  11:14  SCV, Hellion, Starport Tech Lab  
  92  11:15  SCV  
  92  11:17  Marine  
  74  11:19  SCV  
  38  11:26  SCV  
  38  11:27  Marine  
  27  11:33  Siege Tank  
  27  11:34  Marine  
  27  11:35  Hellion  
  27  11:36  SCV x2  
  27  11:38  Marine x2  
  31  11:45  Marine  
  29  11:48  SCV x2  
  31  11:56  Marine  
  31  11:59  SCV  
  17  12:03  SCV  
  9  12:18  SCV  
Tags
 
Composition
Mech
League
Master
Matchup
TvZ
Spawn Locations
Cross Positions
Add a new tag
Caveats
  • Supply blocks, unpowered buildings, or Contaminate may cause inaccurate times.
  • Supply counts are checked every 10 seconds.